 Dungeon Crawl Stone Soup version 0.28-a0-268-g3f656e82c2 (console) character file.

Game seed: 11232612309578806997

8614 jejorda2 the Impaler (level 11, -6/81 HPs)
             Began as a Merfolk Berserker on Aug 29, 2021.
             Was a High Priest of Trog.
             Killed from afar by an oklob plant (16 damage)
             ... with a splash of acid
             ... on level 1 of the Lair of Beasts.
             The game lasted 00:21:07 (11460 turns).

jejorda2 the Impaler (Merfolk Berserker)           Turns: 11460, Time: 00:21:08

Health: -6/81      AC: 11    Str: 21    XL:     11   Next: 33%
Magic:  11/11      EV: 14    Int:  6    God:    Trog [*****.]
Gold:   359        SH:  0    Dex: 18    Spells: 10/10 levels left

rFire   . . .      SeeInvis .   a - +5 bardiche of Ascent {speed, Str+4}
rCold   . . .      Faith    .   (shield currently unavailable)
rNeg    . . .      Spirit   .   o - +3 ring mail
rPois   .          Reflect  .   (no helmet)
rElec   .          Harm     .   C - +2 cloak
rCorr   .          Rampage  .   E - +2 pair of gloves
Will    +....                   (no boots)
Stlth   +.........              (no amulet)
HPRegen 0.23/turn               B - ring of willpower
MPRegen 0.12/turn               (no ring)

@: corroded, on berserk cooldown, slowed, very slow
A: (nimble swimmer 2), mertail
a: Renounce Religion, Berserk, Trog's Hand, Brothers in Arms


You were on level 1 of the Lair of Beasts.
You worshipped Trog.
Trog was extremely pleased with you.
You visited 2 branches of the dungeon, and saw 10 of its levels.
You also visited: Sewer.

You collected 505 gold pieces.
You spent 146 gold pieces at shops.

Inventory:

Hand Weapons
 a - the +5 bardiche of Ascent (weapon) {speed, Str+4}
   (You acquired it on level 7 of the Dungeon)

   Attacks with this weapon are significantly faster.
   Str:       It affects your strength (+4).
 b - a +0 trident
 D - a +0 halberd
Missiles
 e - 2 throwing nets
 h - 216 stones
 k - 5 curare-tipped darts
 l - 21 poisoned darts (quivered)
 x - 4 boomerangs
 z - 5 javelins
Armour
 o - a +3 ring mail (worn)
 C - a +2 cloak (worn)
 E - a +2 pair of gloves (worn)
Jewellery
 B - a ring of willpower (left hand)
Wands
 c - a wand of paralysis (22)
Scrolls
 f - 2 scrolls of fog
 m - 4 scrolls of teleportation
 n - 2 scrolls of fear
 w - a scroll of immolation
 y - 2 scrolls of identify
 A - 2 scrolls of blinking
Potions
 i - 2 potions of invisibility
 j - 2 potions of flight
 p - 2 potions of mutation
 q - 2 potions of heal wounds
 r - 5 potions of cancellation
 s - a potion of might
 t - 4 potions of haste
 u - 2 potions of curing
 v - a potion of resistance
 G - 2 potions of magic


   Skills:
 - Level 6.0 Fighting
 + Level 16.9 Polearms
 + Level 2.1 Throwing
 - Level 6.0 Armour
 + Level 6.6 Dodging
 - Level 6.0 Evocations


You had 10 spell levels left.
You didn't know any spells.
Your spell library was empty.

Dungeon Overview and Level Annotations

Branches:
Dungeon (9/15)             Temple (0/1) D:4            Lair (1/6) D:8
  Sewer (visited)
    Orc: D:9-12

Altars:
Cheibriados
Elyvilon
Fedhas
Hepliaklqana
Nemelex Xobeh
Wu Jian

Shops:
D:3 *   D:9 !

Annotations:
D:6 3 runed translucent doors, SirDiesAlot's ghost, novice DECj
Lair:1 exclusion: oklob plant


Innate Abilities, Weirdness & Mutations

((You are quick and stealthy near water. (Stealth+, EV+, Speed+++)))
Your lower body shifts to a powerful aquatic tail in water.


Message History

A nearby plant withers and dies.
You reach to attack!
You slice the oklob plant!!
The oklob plant is heavily damaged.
A nearby plant withers and dies.
The oklob plant spits acid at you. The splash of acid hits you!!
You are too injured to fight recklessly!
You are too injured to fight recklessly!
You are too injured to fight recklessly!
You are too injured to fight recklessly!
You are too injured to fight recklessly!
Reach: a) +5 bardiche of Ascent {speed, Str+4}
Press: ? - help, Dir - move target, f/p - oklob plant
Aim: an oklob plant (heavily damaged, about 2% to evade the +5 bardiche of Ascent)
You reach to attack!
You hit the oklob plant but do no damage.
The oklob plant is heavily damaged.
Reach: a) +5 bardiche of Ascent {speed, Str+4}
Press: ? - help, Dir - move target, f/p - oklob plant
Aim: an oklob plant (heavily damaged, about 2% to evade the +5 bardiche of Ascent)
You reach to attack!
You slice the oklob plant!!
The oklob plant is almost destroyed.
The oklob plant spits acid at you. The splash of acid hits you!!
* * * LOW HITPOINT WARNING * * *
The acid corrodes you!
Reach: a) +5 bardiche of Ascent {speed, Str+4}
Press: ? - help, Dir - move target, f/p - oklob plant
Aim: an oklob plant (almost destroyed, about 2% to evade the +5 bardiche of Ascent)
You reach to attack!
You hit the oklob plant.
The oklob plant is almost destroyed.
Unknown command.
Reach: a) +5 bardiche of Ascent {speed, Str+4}
Press: ? - help, Dir - move target, f/p - oklob plant
Aim: an oklob plant (almost destroyed, about 2% to evade the +5 bardiche of Ascent)
You reach to attack!
You hit the oklob plant.
The oklob plant is almost destroyed.
The oklob plant spits acid at you. The splash of acid hits you!
You die...

.......
#.#....########
..P?..........## ..
......##......# ...
#....#......#
....#....##.....#
....#....#......# .
..#.P...........##....
.........##.†.@.......
.....(....##.P..##....
.......<...#?..P# .
############.$.?#
#..)(# #($..# ######


You could see an oklob plant.

Vanquished Creatures
  Pikel (D:7)
  2 oklob plants (Lair:1)
  A cane toad (Lair:1)
  A komodo dragon (D:9)
  2 kobold demonologists (D:9)
  4 yaks (D:9)
  A shadow (D:6)
  A wyvern (D:7)
  Menkaure (D:7)
  2 water moccasins
  An ice beast (D:8)
  3 orc warriors
  A black bear (D:4)
  A hornet zombie (D:7)
  4 necrophages
  A sky beast (D:8)
  6 ogres
  3 centaurs
  3 lemures (D:7)
  5 kobold brigands
  A phantom (D:4)
  3 bullfrogs
  A wyvern zombie (D:9)
  2 gnoll sergeants
  2 scorpions
  A wyvern skeleton (D:7)
  A water moccasin skeleton (D:4)
  3 killer bees (D:8)
  17 wights
  3 howler monkeys
  A centaur zombie (D:7)
  A bullfrog zombie (D:6)
  7 orc priests
  3 hounds
  Crazy Yiuf (D:6)
  A gnoll shaman (D:8)
  3 jellies
  2 bullfrog skeletons
  A centaur skeleton (D:6)
  5 iguanas
  8 orc wizards
  Natasha (thrice) (D:2)
  A scorpion zombie (D:5)
  A howler monkey zombie (D:6)
  13 gnolls
  15 adders
  6 river rats
  An adder skeleton (D:4)
  A worm (D:4)
  2 dart slugs
  28 orcs
  2 endoplasms
  3 giant cockroaches
  4 goblins
  4 hobgoblins
  3 jackals (D:4)
  18 kobolds
  5 quokkas
  17 ball pythons
  4 bats
  7 frilled lizards
  29 rats
278 creatures vanquished.

Vanquished Creatures (others)
  6 plants
6 creatures vanquished.

Grand Total: 284 creatures vanquished

Notes
Turn   | Place    | Note
-------+----------+-------------------------------------------
     0 | D:1      | jejorda2 the Merfolk Berserker began the quest for the Orb.
     0 | D:1      | Reached XP level 1. HP: 18/18 MP: 1/1
   208 | D:1      | Reached XP level 2. HP: 24/24 MP: 2/2
   548 | D:1      | Found a faded altar of an unknown god.
   929 | D:2      | Reached skill level 5 in Polearms
   929 | D:2      | Reached XP level 3. HP: 15/29 MP: 3/3
  1617 | D:2      | Reached XP level 4. HP: 26/37 MP: 4/4
  1744 | D:2      | Noticed Natasha
  1751 | D:2      | Killed Natasha
  1758 | D:2      | Reached skill level 6 in Polearms
  1870 | D:2      | Reached ** piety under Trog
  1977 | D:2      | Reached XP level 5. HP: 42/42 MP: 5/5
  2173 | D:2      | Found a blossoming altar of Fedhas.
  2207 | D:2      | Noticed Natasha
  2211 | D:2      | Killed Natasha
  2294 | D:2      | Noticed Natasha
  2303 | D:2      | Killed Natasha
  2406 | D:3      | Found Poarug's General Store.
  2415 | D:3      | Bought 3 curare-tipped darts for 18 gold pieces
  2493 | D:3      | Found an ornate altar of the Wu Jian Council.
  2998 | D:3      | Reached XP level 6. HP: 36/49 MP: 6/6
  2999 | D:3      | Reached skill level 7 in Polearms
  3480 | D:4      | Found a white marble altar of Elyvilon.
  3628 | D:4      | Reached XP level 7. HP: 55/55 MP: 7/7
  3641 | D:4      | Reached skill level 8 in Polearms
  3641 | D:4      | Reached skill level 5 in Dodging
  3757 | D:4      | Found a glowing drain.
  3761 | Sewer    | Entered a sewer
  3817 | Sewer    | Reached skill level 5 in Fighting
  3878 | Sewer    | Reached *** piety under Trog
  4190 | Sewer    | Reached skill level 9 in Polearms
  4450 | D:4      | Reached XP level 8. HP: 58/62 MP: 8/8
  4760 | D:4      | Found a staircase to the Ecumenical Temple.
  4925 | D:4      | Found a snail-covered altar of Cheibriados.
  4999 | D:4      | Reached **** piety under Trog
  5073 | D:5      | Entered Level 5 of the Dungeon
  5621 | D:5      | Reached skill level 10 in Polearms
  6200 | D:6      | Reached skill level 11 in Polearms
  6358 | D:6      | Reached XP level 9. HP: 64/69 MP: 9/9
  6766 | D:6      | Reached skill level 12 in Polearms
  6787 | D:6      | Found a runed translucent gate.
  6787 | D:6      | Found a runed translucent gate.
  6917 | D:6      | Reached skill level 13 in Polearms
  6920 | D:6      | Reached skill level 5 in Armour
  7027 | D:6      | Noticed a kobold demonologist
  7121 | D:6      | Found a runed translucent gate.
  7122 | D:6      | Noticed SirDiesAlot's ghost (novice DECj)
  7270 | D:6      | Found a runed translucent door.
  7271 | D:6      | Noticed Crazy Yiuf
  7278 | D:6      | Killed Crazy Yiuf
  7628 | D:7      | Noticed Menkaure
  7642 | D:7      | Killed Menkaure
  8087 | D:7      | Found a sparkling altar of Nemelex Xobeh.
  8153 | D:7      | Reached skill level 14 in Polearms
  8287 | D:7      | Noticed Pikel
  8464 | D:7      | Reached XP level 10. HP: 61/76 MP: 10/10
  8644 | D:7      | Killed Pikel
  8797 | D:7      | Reached skill level 15 in Polearms
  9180 | D:7      | Identified a scroll of acquirement
  9180 | D:7      | Acquired the +5 bardiche of Ascent {speed, Str+4}
  9213 | D:8      | Reached skill level 1 in Evocations
  9863 | D:8      | Reached ***** piety under Trog
  9980 | D:8      | Found a staircase to the Lair.
 10464 | D:9      | Reached skill level 16 in Polearms
 10468 | D:9      | Noticed a kobold demonologist
 10477 | D:9      | Killed a kobold demonologist
 10487 | D:9      | Reached skill level 5 in Evocations
 10493 | D:9      | Noticed a kobold demonologist
 10497 | D:9      | Reached XP level 11. HP: 47/81 MP: 11/11
 10507 | D:9      | Noticed a sixfirhy
 10959 | D:9      | Found Zaorer's Distillery.
 10966 | D:9      | Bought a potion of heal wounds for 80 gold pieces
 10966 | D:9      | Bought a potion of curing for 48 gold pieces
 11327 | D:9      | Found a hazy altar of Hepliaklqana.
 11426 | Lair:1   | Entered Level 1 of the Lair of Beasts
 11429 | Lair:1   | Noticed an oklob plant
 11429 | Lair:1   | Noticed an oklob plant
 11431 | Lair:1   | Noticed an oklob plant
 11437 | Lair:1   | Killed an oklob plant
 11438 | Lair:1   | Reached skill level 1 in Throwing
 11449 | Lair:1   | Killed an oklob plant
 11460 | Lair:1   | Killed from afar by an oklob plant

Illustrated notes

Levels and vault maps discovered:
D:1:      saegor_arrival_under_anarchy, layout_loops_ring,
          shapermc_ecumenical_altar_flowoftime
D:2:      layout_loops_corners, basic_altar, uniq_natasha
D:3:      layout_loops_ring, mainiacjoe_overflow_alcove_2, serial_shops, shop,
          minmay_misc_feat_hallway, st_stairs_8, minmay_misc_feat_five,
          minmay_misc_feat_rugged, kennysheep_generic_room_16
D:4:      layout_basic, mainiacjoe_overflow_catwalk, marbit_many_paths,
          minmay_temple_entry_fiery, gup_sewer_entry_spiral
D:5:      layout_loops_ring, dk_noncrumbling_2
D:6:      layout_basic, gammafunk_ghost_nasty_kobolds, minmay_manual_moon,
          uniq_crazy_yiuf_cottage
D:7:      layout_gridville, nemelex_spade_bored_becter,
          minmay_misc_feat_encased, uniq_menkaure, uniq_pikel
D:8:      layout_loops_ring, lair_entry_dummy
D:9:      layout_rooms, mainiacjoe_overflow_small_starburst, serial_shops, shop,
          minmay_lizard_king
Lair:1:   layout_regular_city, serial_bayou_shore_a, minmay_lair_oklob_chamber,
          lemuel_fruit_tree

Skill      XL: |  1  2  3  4  5  6  7  8  9 10 11 |
---------------+----------------------------------+-----
Dodging        | 3 4 5 6 |  6.6
Polearms       | 5 6 7 9 11 14 16 | 16.9
Armour         | 2 3 4 5 6 |  6.0
Fighting       | 4 5 6 |  6.0
Evocations     | 5 6 |  6.0
Throwing       | 2 |  2.1

Action                   |  1- 3 |  4- 6 |  7- 9 | 10-12 || total
-------------------------+-------+-------+-------+-------++-------
Melee: Spear             |    31 |       |       |       ||    31
       Trident           |    31 |   153 |   284 |       ||   468
       Tailslap          |       |       |    17 |       ||    17
       Halberd           |       |       |   213 |    36 ||   249
       Bardiche          |       |       |       |   247 ||   247
Throw: Stone             |       |     2 |       |       ||     2
       Dart              |       |       |     1 |       ||     1
Invok: Berserk           |       |     4 |    10 |     3 ||    17
       Trog's Hand       |       |     2 |       |       ||     2
  Use: Scroll            |       |     6 |    10 |    10 ||    26
 Stab: Sleeping          |     1 |       |       |       ||     1
       Distracted        |       |       |     1 |       ||     1
Armor: Ring mail         |     9 |    45 |    74 |    44 ||   172
Dodge: Dodged            |    17 |    50 |   284 |   101 ||   452

Table legend: (Time is in decaauts)
 A = Elapsed time spent in this place.
 B = Non-inter-level travel time spent in this place.
 C = Inter-level travel time spent in this place.
 D = Time resting spent in this place.
 E = Time spent auto-exploring this place.
 F = Levels seen in this place.
 G = Mean time per level.
                   A        B        C        D        E       F      G
               +--------+--------+--------+--------+--------+-----+--------+
         Total |  11413 |  10954 |    459 |    934 |   8138 |  11 | 1037.5 |
       Dungeon |  10850 |  10391 |    459 |    769 |   7922 |   9 | 1205.6 |
          Lair |     26 |     26 |      0 |      0 |      2 |   1 |   26.0 |
         Sewer |    536 |    536 |      0 |    165 |    213 |   1 |  536.0 |
               +--------+--------+--------+--------+--------+-----+--------+

Top non-repeatable levels by time:
     D:7: 1824 daAuts
     D:2: 1439 daAuts
     D:6: 1238 daAuts
     D:9: 1235 daAuts
     D:5: 1176 daAuts
     D:3: 1082 daAuts
     D:4: 1058 daAuts
     D:1: 918 daAuts
     D:8: 878 daAuts
   Sewer: 536 daAuts
  Lair:1: 26 daAuts
